 Dungeon Sprint DCSS version 0.31-a0-345-g1ebeae05c6 (webtiles) character file.

Game seed: 15098928204575667528

4547 rocky1 the Brawler (level 10, -5/92 HPs)
             Began as a Black Draconian Shapeshifter on July 23, 2023.
             Was the Champion of Cheibriados.
             Slain by a sun demon (12 damage)
             ... in the Dungeon (Sprint VII: "The Pits").
             The game lasted 00:06:48 (2276 turns).

rocky1 the Brawler (Black Draconian Shapeshifter)   Turns: 2276, Time: 00:06:50

Health: -5/92      AC:  7    Str: 39    XL:     10   Next: 17%
Magic:  17/17      EV: 18    Int: 26    God:    Cheibriados [******]
Gold:   0          SH:  0    Dex: 28    Spells: 9/9 levels left

rFire   . .          .
                       - Unarmed
rCold   . . .        (no shield)
rNeg    . . .        (body armour unavailable)
rPois   .            (helmet currently unavailable)
rElec   +            (cloak currently unavailable)
rCorr   .            (gloves currently unavailable)
SInv    .            (boots currently unavailable)
Will    .....        (no amulet)
Stlth   ++++         l - +3 ring of strength
HPRegen 0.35/turn    m - +3 ring of strength
MPRegen 0.15/turn

%: no teleportation
@: short of breath, beast-form, very slow
A: beast (slay +6), breathe lightning, AC +7, unfitting armour, electricity
resistance, cold-blooded
a: Breathe Lightning, Begin Untransformation, Renounce Religion, Bend Time,
Temporal Distortion, Slouch, Step From Time


You were in the Dungeon.
You worshipped Cheibriados.
Cheibriados was exalted by your worship.
You were a hulking beast.
You visited 1 branch

Inventory:

Hand Weapons
 s - a +0 lajatang
Missiles
 t - 3 throwing nets
Armour
 q - a +0 cloak
 r - a +0 pair of boots
Jewellery
 l - a +3 ring of strength (left hand)
 m - a +3 ring of strength (right hand)
Talismans
 b - a beast talisman
Scrolls
 h - a scroll of blinking
 j - 5 scrolls of amnesia
 k - a scroll of butterflies
Potions
 a - a potion of lignification
 c - 6 potions of curing
 d - 6 potions of heal wounds
 e - a potion of haste
 f - 4 potions of magic
 g - 3 potions of berserk rage
 i - a potion of invisibility
 n - 2 potions of brilliance
 o - a potion of resistance
 p - a potion of might


   Skills:
 * Level 9.7 Fighting
 + Level 6.2 Dodging
 + Level 4.9 Stealth
 * Level 16.4 Unarmed Combat
 + Level 9.4 Invocations
 * Level 9.2 Shapeshifting


You had 9 spell levels left.
You didn't know any spells.
Your spell library was empty.

Dungeon Overview and Level Annotations

Branches:
Dungeon (1/1)

Altars:
Ashenzari
Cheibriados
Dithmenos
Elyvilon
Fedhas
Gozag
Hepliaklqana
Kikubaaqudgha
Makhleb
Nemelex Xobeh
Okawaru
Qazlal
Ru
Sif Muna
Trog
Uskayaw
Vehumet
Wu Jian
Xom
Yredelemnul
Zin
The Shining One
Jiyva
Lugonu


Innate Abilities, Weirdness & Mutations

You are a hulking beast.
Your limbs bulge with bestial killing power. (Slay +6)
You can breathe wild blasts of lightning.
Your glossy black scales are hard. (AC +7)
You cannot fit into any form of body armour.
You are resistant to electric shocks. (rElec)
You are cold-blooded and may be slowed by cold attacks.


Message History

No target in view!
There is an open door, spattered with blood here.
You start resting.
Magic restored.
You start resting.
HP restored.
There is an open door here.
You see here a komodo dragon skeleton.
You open the door.
A lindwurm and a red devil come into view.
The lindwurm roars!
The lindwurm breathes flames at you. The blast of flame hits you!
A tyrant leech comes into view.
A six-headed hydra comes into view.
Unknown command.
The red devil barely misses you.
A sun demon comes into view.
The red devil closely misses you. The lindwurm breathes flames at you.
The blast of flame misses you.
The sun demon shouts!
The six-headed hydra roars!
There is an open door here.
Activating: Breathe Lightning (3% risk of failure)
Press: ? - help, Dir - look around, f - activate You breathe a wild blast of lightning!
The red devil closely misses you. The sun demon hits you.
You are engulfed in flames!
Unknown command.
The lindwurm attacks as you move away! The lindwurm closely misses you. x3
The sun demon attacks as you move away! The sun demon closely misses you.
The lindwurm breathes flames at you. The blast of flame hits you!!
The red devil closely misses you. The sun demon misses you.
You pummel the sun demon!!
The sun demon is heavily wounded.
The lindwurm breathes flames at you.
The blast of flame misses the sun demon.
The blast of flame hits you!!
* * * LOW HITPOINT WARNING * * *
The red devil closely misses you. The sun demon hits you!
You die...

....##..+...#
...##...#..## .##
..##...##..# ..##
..#[..##...+ ...#
..').##...)### ...##
.##).#.......### ....#
##...+.....)...## ....#
#....#....####..##D...#+
..#..##..##..##.h3k....#
.###..##.'....'..#4w....#
##)##..#.##..##..#.......
#)).)[.'..####...##...###
.)รท)#))##.........##.##
######## ########## ##


You could see a six-headed hydra, a tyrant leech, a sun demon, a lindwurm and a
red devil.

Vanquished Creatures
  A deep troll (D)
  An orc knight (D)
  A deep elf zephyrmancer (D)
  A gargoyle (D)
  A kobold demonologist (D)
  A komodo dragon (D)
  A guardian mummy (D)
  A snapping turtle (D)
  A jumping spider (D)
  A ynoxinul (D)
  An acid dragon (D)
  A floating eye (D)
  Pargi (D)
  3 orc warriors (D)
  2 ogres (D)
  A wolf (D)
  A centaur (D)
  A necrophage (D)
  A quasit (D)
  An orc priest (D)
  A gnoll bouda (D)
  An iguana (D)
  An iron imp (D)
  5 gnolls (D)
  4 orcs (D)
  2 ball pythons (D)
  An endoplasm (D)
  A hobgoblin (D)
  3 quokkas (D)
  A ball python skeleton (D)
  2 bats (D)
  A frilled lizard (D)
  2 kobolds (D)
  2 rats (D)
50 creatures vanquished.

Vanquished Creatures (others)
  Harold (D)
1 creature vanquished.

Grand Total: 51 creatures vanquished

Notes
Turn   | Place    | Note
-------+----------+-------------------------------------------
     0 | D        | rocky1 the Draconian Shapeshifter began the quest for the
                  | Orb.
     0 | D        | Reached XP level 1. HP: 16/16 MP: 1/1
    11 | D        | Noticed an ogre
    31 | D        | Found a bloodstained altar of Trog.
    31 | D        | Found a shimmering blue altar of Sif Muna.
    31 | D        | Found a viscous altar of Jiyva.
    31 | D        | Found a hazy altar of Hepliaklqana.
    31 | D        | Found an opulent altar of Gozag.
    32 | D        | Found a glowing golden altar of the Shining One.
    32 | D        | Found a glowing silver altar of Zin.
    32 | D        | Found a basalt altar of Yredelemnul.
    32 | D        | Found a shimmering altar of Xom.
    32 | D        | Found an ornate altar of the Wu Jian Council.
    32 | D        | Found a sacrificial altar of Ru.
    32 | D        | Found a stormy altar of Qazlal.
    32 | D        | Found an iron altar of Okawaru.
    32 | D        | Found a sparkling altar of Nemelex Xobeh.
    32 | D        | Found a burning altar of Makhleb.
    32 | D        | Found a blossoming altar of Fedhas.
    32 | D        | Found a white marble altar of Elyvilon.
    32 | D        | Found a shadowy altar of Dithmenos.
    32 | D        | Found a snail-covered altar of Cheibriados.
    34 | D        | Found a radiant altar of Vehumet.
    34 | D        | Found a corrupted altar of Lugonu.
    35 | D        | Found a hide-covered altar of Uskayaw.
    35 | D        | Found an ancient bone altar of Kikubaaqudgha.
    35 | D        | Found a broken altar of Ashenzari.
    49 | D        | Became a worshipper of Cheibriados the Contemplative
    95 | D        | Reached * piety under Cheibriados
   101 | D        | Noticed a floating eye
   104 | D        | Killed a floating eye
   105 | D        | Reached skill level 6 in Unarmed Combat
   105 | D        | Reached skill level 5 in Shapeshifting
   105 | D        | Reached XP level 2. HP: 26/26 MP: 1/4
   105 | D        | Reached XP level 3. HP: 31/31 MP: 1/5
   105 | D        | Reached XP level 4. HP: 38/38 MP: 1/6
   160 | D        | Reached ** piety under Cheibriados
   168 | D        | Reached *** piety under Cheibriados
   217 | D        | Noticed an ogre
   220 | D        | Noticed a wolf
   229 | D        | Killed an ogre
   229 | D        | Reached **** piety under Cheibriados
   230 | D        | Reached skill level 7 in Unarmed Combat
   230 | D        | Reached XP level 5. HP: 47/47 MP: 6/8
   239 | D        | Reached skill level 8 in Unarmed Combat
   239 | D        | Reached ***** piety under Cheibriados
   239 | D        | Killed a wolf
   240 | D        | Reached skill level 5 in Fighting
   240 | D        | Reached skill level 1 in Stealth
   240 | D        | Reached skill level 5 in Invocations
   240 | D        | Reached XP level 6. HP: 45/56 MP: 2/9
   329 | D        | Reached skill level 9 in Unarmed Combat
   447 | D        | Noticed a snapping turtle
   458 | D        | Killed a snapping turtle
   459 | D        | Reached skill level 10 in Unarmed Combat
   459 | D        | Your scales start taking on a glossy black colour.
   459 | D        | Reached XP level 7. HP: 19/63 MP: 11/11
   459 | D        | Gained mutation: You are resistant to electric shocks.
                  | (rElec) [Black Draconian growth]
   804 | D        | Noticed Pargi
   812 | D        | Killed Pargi
   813 | D        | Reached ****** piety under Cheibriados
   921 | D        | Noticed a ynoxinul
   922 | D        | Noticed a jumping spider
   928 | D        | Killed a ynoxinul
   929 | D        | Reached skill level 11 in Unarmed Combat
   932 | D        | Killed a jumping spider
   933 | D        | Reached skill level 12 in Unarmed Combat
   933 | D        | Reached XP level 8. HP: 26/73 MP: 11/13
  1088 | D        | Noticed Harold
  1091 | D        | Noticed a gargoyle
  1099 | D        | Killed Harold
  1100 | D        | Reached skill level 13 in Unarmed Combat
  1101 | D        | Killed a gargoyle
  1102 | D        | Reached skill level 5 in Dodging
  1379 | D        | Reached XP level 9. HP: 55/81 MP: 13/15
  1559 | D        | Noticed an orc knight
  1563 | D        | Noticed a guardian mummy
  1566 | D        | Reached skill level 14 in Unarmed Combat
  1568 | D        | Killed an orc knight
  1571 | D        | Killed a guardian mummy
  1572 | D        | Reached skill level 15 in Unarmed Combat
  1860 | D        | Noticed a deep elf zephyrmancer
  1862 | D        | Noticed a komodo dragon
  1867 | D        | Killed a deep elf zephyrmancer
  1871 | D        | Killed a komodo dragon
  1874 | D        | Noticed a kobold demonologist
  1878 | D        | Killed a kobold demonologist
  1879 | D        | Reached skill level 16 in Unarmed Combat
  1879 | D        | Reached XP level 10. HP: 63/91 MP: 16/16
  2145 | D        | Noticed a deep troll
  2151 | D        | Killed a deep troll
  2272 | D        | Noticed a lindwurm
  2272 | D        | Noticed a six-headed hydra
  2273 | D        | Noticed a sun demon
  2276 | D        | Slain by a sun demon

Illustrated notes

Levels and vault maps discovered:
D:        pitsprint [storerooms_1, entrance_room_1, metal_vault_7, armoury_2,
          mini_pit_1, grid_room_1, main_hall_1, silver_pit, the_coven_3,
          the_vestibule_1, steel_vault_3, golden_pit, hallway_of_sentries,
          crystal_vault_6, iron_vault_2, final_vault]

Skill      XL: |  1  2  3  4  5  6  7  8  9 |
---------------+----------------------------+-----
Fighting       | 3 4 5 6 7 8 9 |  9.7
Dodging        | 2 3 4 5 6 |  6.2
Unarmed Combat | 6 7 8 10 12 13 16 | 16.4
Invocations    | 3 4 5 6 8 9 |  9.4
Shapeshifting  | 5 6 7 8 9 |  9.2
Stealth        | 1 2 3 4 |  4.9

Action                     |  1- 3 |  4- 6 |  7- 9 | 10-12 || total
---------------------------+-------+-------+-------+-------++-------
  Melee: Unarmed           |    13 |    35 |    50 |     7 ||   105
         Tailslap          |     3 |     6 |     9 |       ||    18
         Punch             |       |     2 |     5 |     1 ||     8
 Invoke: Slouch            |       |     1 |     2 |       ||     3
Ability: Breathe Lightning |       |       |     2 |     1 ||     3
    Use: Potion            |       |     1 |     6 |       ||     7
   Stab: Sleeping          |       |     1 |       |       ||     1
         Invisible         |       |       |     3 |       ||     3
 Armour: Skin              |     5 |    10 |    12 |       ||    27
  Dodge: Dodged            |    10 |    28 |    48 |    17 ||   103

Table legend: (Time is in decaauts)
 A = Elapsed time spent in this place.
 B = Non-inter-level travel time spent in this place.
 C = Inter-level travel time spent in this place.
 D = Time resting spent in this place.
 E = Time spent auto-exploring this place.
 F = Levels seen in this place.
 G = Mean time per level.
                   A        B        C        D        E       F      G
               +--------+--------+--------+--------+--------+-----+--------+
         Total |   2508 |   2381 |    127 |   1728 |     71 |   1 | 2508.0 |
       Dungeon |   2508 |   2381 |    127 |   1728 |     71 |   1 | 2508.0 |
               +--------+--------+--------+--------+--------+-----+--------+

Top non-repeatable levels by time:
       D: 2508 daAuts
